 Dungeon Crawl Stone Soup version 0.16.1-18-g436b03c (webtiles) character file.

166 Ladykiller69 the Shield-Bearer (level 5, -3/42 HPs)
             Began as a Formicid Fighter on May 4, 2015.
             Slain by an ogre
             ... wielding a +0 giant club
              (13 damage)
             ... on level 4 of the Dungeon.
             The game lasted 00:10:46 (2159 turns).

Ladykiller69 the Shield-Bearer (Formicid Fighter)   Turns: 2159, Time: 00:10:46

Health: -3/42      AC: 11    Str: 22    XL:     5   Next: 76%
Magic:  7/7        EV:  5    Int:  7    God:
Gold:   107        SH: 10    Dex: 10    Spells: 0 memorised, 4 levels left

rFire  . . .     SeeInvis +     a - +0 war axe
rCold  . . .     Clarity  .     j - +0 plate armour
rNeg   . . .     SustAb   .     c - +0 shield
rPois  .         Gourm    .     (helmet unavailable)
rElec  .         Spirit   .     (no cloak)
rCorr  .         Warding  .     (no gloves)
rMut   .         Stasis   +     (no boots)
MR     .....                    (no amulet)
Stlth  ..........               (no ring)
                                (no ring)

@: not resistant to hostile enchantments, extremely unstealthy
A: permanent stasis, dig shafts and tunnels, four strong arms, antennae 3
a: Dig, Shaft Self


You were on level 4 of the Dungeon.
You were not hungry.

You visited 1 branch of the dungeon, and saw 4 of its levels.

You collected 107 gold pieces.

Inventory:

Hand weapons
 a - a +0 war axe (weapon)
 z - a +3 flail
Armour
 b - a +0 scale mail
 c - a +0 shield (worn)
 j - a +0 plate armour (worn)
Magical devices
 n - a wand of invisibility (4)
Scrolls
 f - 2 scrolls of teleportation {unknown}
 g - a scroll of amnesia {unknown}
 k - a scroll of immolation {unknown}
 m - 3 scrolls of identify {unknown}
 q - a scroll of fog {unknown}
 t - a scroll of magic mapping {unknown}
 v - 2 scrolls of remove curse {unknown}
 w - a scroll of enchant armour {unknown}
Potions
 e - a potion of might
 i - a potion of heal wounds {unknown}
 l - a potion of haste {unknown}
 p - 2 potions of curing {unknown}
 r - a potion of brilliance {unknown}
 x - a potion of cancellation {unknown}
Books
 y - a book of Summonings

   Spells                             Type                      Level
   a - Abjuration                     Summoning                    3
   b - Recall                         Summoning/Translocation      3
   c - Shadow Creatures               Summoning                    5
   d - Summon Demon                   Summoning                    5
   e - Summon Forest                  Summoning/Translocation      5
   f - Monstrous Menagerie            Summoning                    6
Comestibles
 d - 7 bread rations
 h - 2 fruits
 o - 3 slices of pizza
 s - 2 meat rations
 u - a chunk of flesh


   Skills:
 - Level 4.0 Fighting
 + Level 3.5 Axes
 - Level 4.0 Armour
 + Level 5.1 Shields


You had 4 spell levels left.
You didn't know any spells.

Dungeon Overview and Level Annotations

Branches:
Dungeon (4/15)
 Temple: D:4-7

Altars:
Ru
The Shining One

Annotations:
D:3 Grinder
D:4 Pikel


Innate Abilities, Weirdness & Mutations

You are under a permanent stasis effect.
You can dig through walls and to a lower floor.
Your four strong arms can wield two-handed weapons with a shield.
You have a pair of large antennae on your head (SInv).


Message History

You see here an enchanted flail.
z - an enchanted flail Use which ability? (? or * to list)
You extend your mandibles.
You dig through the rock wall.
You retract your mandibles.
The ogre shouts!
You barely miss the ogre. The ogre hits you with a giant club.
You slash the ogre!
The ogre is moderately wounded.
The ogre hits you with a giant club!!
Ouch! That really hurt!
* * * LOW HITPOINT WARNING * * *
You hit the ogre.
The ogre is heavily wounded.
You block the ogre's attack.
You barely miss the ogre.
The ogre is heavily wounded.
The ogre hits you with a giant club!
You die...

#.............##.
#.####..####.....
#.........###.##.
#.#######.# #.##.
#.# .# #.### ##.#
# #.# #..# #(#
#.## #.# #@# #.#
#O# . #.. #...
##... #≈.. ≈≈..
##.


You could see an ogre.

Vanquished Creatures
  A worker ant (D:4)
  Terence (D:2)
  Robin (D:3)
  6 adders
  A worm (D:3)
  A giant gecko (D:1)
  An orc (D:4)
  A giant cockroach (D:1)
  9 hobgoblins
  3 jackals (D:3)
  3 kobolds
  2 quokkas
  A ball python (D:1)
  7 bats
  4 giant newts
  12 goblins
  13 rats
67 creatures vanquished.

Vanquished Creatures (others)
  A kobold (D:1)
1 creature vanquished.

Grand Total: 68 creatures vanquished

Notes
Turn   | Place    | Note
--------------------------------------------------------------
     0 | D:1      | Ladykiller69, the Formicid Fighter, began the quest for the Orb.
     0 | D:1      | Reached XP level 1. HP: 18/18 MP: 1/1
   121 | D:1      | Reached XP level 2. HP: 22/24 MP: 3/3
   213 | D:1      | You fall through a shaft!
   344 | D:3      | Reached XP level 3. HP: 27/29 MP: 4/4
   345 | D:3      | Found a sacrificial altar of Ru.
   523 | D:3      | Noticed Grinder
   603 | D:2      | Reached skill level 4 in Shields
   685 | D:1      | Reached XP level 4. HP: 32/37 MP: 5/5
  1012 | D:2      | Noticed Terence
  1023 | D:2      | Killed Terence
  1375 | D:3      | Noticed Robin
  1380 | D:3      | Reached XP level 5. HP: 42/42 MP: 7/7
  1388 | D:3      | Killed Robin
  1744 | D:4      | Noticed Pikel
  1744 | D:4      | Noticed a slave
  1744 | D:4      | Noticed a slave
  1744 | D:4      | Noticed a slave
  1900 | D:4      | Reached skill level 5 in Shields
  1911 | D:3      | Found a glowing golden altar of the Shining One.
  2029 | D:4      | Noticed an ogre
  2159 | D:4      | Slain by an ogre

Action                   |  1- 3 |  4- 6 || total
-------------------------+-------+-------++-------
Melee: War axe           |    93 |   154 ||   247
 Abil: Dig               |     2 |    12 ||    14
  Eat: Chunk             |       |     6 ||     6
